AoeStats
← REDDOTS FINEST1

Arena

509557562Analyzed
2v2 RM · 5d ago on Sep 27, 2026· 61m 11s· 4 players
Game mode
Random Map
Map size
Medium (4 player)
Population
200
Speed
Normal
Resources
Standard
Victory
Conquest
Starting age
Dark Age
Ending age
Imperial Age
RankedLock teamsTeams togetherTeam positionsShared explorationLock speedFull tech treeHidden civsTurbo modeCheats
Victory
Defeat
🇺🇸 Huns · United States
508
+16
🇺🇸 Italians · United States
491
+18
🇨🇳 Franks · China
516
-17
🇨🇳 Goths · China
516
-17
REDDOTS FINEST1
0:28 Loom
15:54 Feudal Age
20:57 Castle Age
19:36 Double-Bit Axe
29:02 Bow Saw
28:38 Horse Collar
29:35 Caravan
30:55 Forging
30:45 Scale Mail Armor
30:51 Scale Barding Armor
30:48 Padded Archer Armor
30:41 Fletching
32:24 Heavy Plow
35:37 Imperial Age
33:45 Wheelbarrow
33:26 Gold Mining
33:27 Stone Mining
33:58 Marauders
35:49 Gold Shaft Mining
35:49 Elite Tarkan
36:50 Conscription
37:10 Atheism
38:09 Hand Cart
38:32 Iron Casting
38:12 Chain Mail Armor
38:18 Chain Barding Armor
38:15 Leather Archer Armor
37:55 Bodkin Arrow
38:53 Husbandry
38:14 Cavalier
40:25 Two-Man Saw
42:02 Plate Barding Armor
43:43 Paladin
45:33 Bracer
46:34 Blast Furnace
50:38 Parthian Tactics
49:34 Heavy Cavalry Archer
ZigZag Doobski
0:31 Loom
13:54 Feudal Age
14:34 Horse Collar
15:32 Wheelbarrow
14:47 Double-Bit Axe
14:56 Gold Mining
15:33 Stone Mining
23:37 Castle Age
24:46 Hand Cart
24:45 Bow Saw
25:16 Stone Shaft Mining
24:46 Heavy Plow
28:53 Ballistics
29:09 Fletching
33:32 Masonry
33:26 Padded Archer Armor
40:20 Imperial Age
37:59 Caravan
38:42 Silk Road
38:39 Fortified Wall
38:29 Bodkin Arrow
38:49 Leather Archer Armor
38:45 Forging
38:40 Scale Barding Armor
40:30 Onager
41:40 Conscription
41:56 Hoardings
42:00 Crop Rotation
43:39 Chemistry
43:10 Architecture
42:37 Murder Holes
42:32 Elite Genoese Crossbowman
44:43 Bombard Tower
44:25 Murder Holes
47:34 Bracer
48:05 Ring Archer Armor
48:10 Iron Casting
47:37 Scale Mail Armor
47:44 Husbandry
47:05 Light Cavalry
52:22 Arson
52:38 Squires
59:51 Blast Furnace
59:11 Chain Barding Armor
59:08 Chain Mail Armor
鲁西西
17:58 Feudal Age
18:36 Double-Bit Axe
19:47 Gold Mining
19:51 Stone Mining
22:47 Castle Age
22:10 Forging
22:06 Scale Barding Armor
24:08 Bow Saw
25:09 Gold Shaft Mining
26:20 Husbandry
25:42 Light Cavalry
29:39 Wheelbarrow
28:50 Loom
33:17 Hand Cart
33:20 Fortified Wall
33:41 Ballistics
33:42 Masonry
34:02 Chain Barding Armor
34:20 Iron Casting
40:01 Imperial Age
41:53 Siege Engineers
41:36 Arrowslits
42:27 Architecture
42:49 Plate Barding Armor
45:29 Chivalry
47:33 Blast Furnace
47:16 Scale Mail Armor
47:18 Padded Archer Armor
47:10 Fletching
51:09 Chemistry
皮皮鲁
3:40 Loom
12:22 Feudal Age
13:47 Double-Bit Axe
15:17 Wheelbarrow
15:15 Scale Mail Armor
15:26 Horse Collar
17:39 Gold Mining
18:59 Forging
23:39 Castle Age
22:34 Stone Mining
25:05 Elite Skirmisher
27:42 Iron Casting
28:04 Bow Saw
28:16 Heavy Plow
29:50 Stone Shaft Mining
30:48 Chain Mail Armor
31:17 Hand Cart
32:07 Caravan
32:28 Anarchy
34:41 Ballistics
35:47 Squires
35:14 Pikeman
35:43 Town Watch
36:36 Town Patrol
36:51 Caravan
40:25 Herbal Medicine
43:21 Imperial Age
51:38 Guilds
52:47 Blast Furnace
51:57 Elite Huskarl
53:05 Sappers
53:58 Conscription
Connection lost

Rejoining the realm…

Still unreachable

The connection could not be restored.

Session expired

The server has moved on; the page needs a fresh start.